 Dungeon Crawl Stone Soup version 0.29-a0-330-g52719c12eb (webtiles) character file.

Game seed: 6508728952948321366

359 vineage the Skirmisher (level 6, -7/42 HPs)
             Began as a Gargoyle Fighter on May 4, 2022.
             Mangled by a wight
             ... wielding a +4 spear
              (9 damage)
             ... on level 6 of the Dungeon.
             The game lasted 00:02:57 (2755 turns).

vineage the Skirmisher (Gargoyle Fighter)           Turns: 2755, Time: 00:02:58

Health: -7/42      AC: 16    Str: 19    XL:     6   Next: 65%
Magic:  6/6        EV:  9    Int:  9    God:
Gold:   200        SH:  5    Dex: 11    Spells: 5/5 levels left

rFire   . . .      SeeInvis .   l - +2 whip (freeze)
rCold   . . .      Faith    .   c - +1 buckler
rNeg    + . .      Spirit   .   b - +0 scale mail
rPois   ∞          Reflect  .   (no helmet)
rElec   +          Harm     .   (no cloak)
rCorr   .          Rampage  .   g - +0 pair of gloves
Will    .....                   (no boots)
Stlth   ..........              (no amulet)
HPRegen 0.14/turn               f - +4 ring of protection
MPRegen 0.10/turn               (no ring)

@: mighty, attractive
A: sickness immunity, AC +4, negative energy resistance 1, electricity
resistance, torment resistance 1, petrification resistance
a: no special abilities


You were on level 6 of the Dungeon.
You visited 1 branch of the dungeon, and saw 4 of its levels.

You collected 200 gold pieces.

Inventory:

Hand Weapons
 a - a +1 flail
 l - a +2 whip of freezing (weapon)
Armour
 b - a +0 scale mail (worn)
 c - a +1 buckler (worn)
 g - a +0 pair of gloves (worn)
Jewellery
 f - a +4 ring of protection (left hand)
 i - a ring of protection from fire
Scrolls
 k - a scroll of amnesia {unknown}
 m - a scroll of enchant weapon
 p - a scroll of identify
Potions
 e - a potion of attraction
 h - a potion of cancellation
 j - a potion of curing
 n - a potion of brilliance {unknown}
 o - a potion of lignification {unknown}


   Skills:
 * Level 6.8 Fighting
 + Level 4.1 Maces & Flails
 - Level 3.2 Armour
 - Level 3.2 Shields


You had 5 spell levels left.
You didn't know any spells.
Your spell library contained the following spells:

 Spells                   Type           Power      Damage    Failure   Level
 Wereblood                Tmut           0%         N/A       94%         2
 Animate Dead             Necr           0%         N/A       100%        4
 Borgnjor's Vile Clutch   Necr/Erth      0%         N/A       100%        5
 Death Channel            Necr           0%         N/A       100%        6
 Summon Hydra             Summ           0%         N/A       100%        7
 Sublimation of Blood     Necr           Unusable   N/A       N/A         2

Dungeon Overview and Level Annotations

Branches:
Dungeon (3/15)

Altars:
Dithmenos
Fedhas
Zin
The Shining One


Innate Abilities, Weirdness & Mutations

You are immune to sickness and miasma.
Your stone body is resilient. (AC +4)
You are immune to poison.
You resist negative energy. (rN+)
You are resistant to electric shocks. (rElec)
You are resistant to unholy torment.
You are immune to petrification.


Message History

You are too injured to fight recklessly!
The white imp gestures at you. The puff of frost misses you.
Okay, then.
You feel very mighty all of a sudden. The wight barely misses you.
The orc hits you with a +0 short sword. The wight hits you but does no damage.
The wight attacks as you move away! The wight barely misses you.
The white imp attacks as you move away! The white imp hits you.
The white imp freezes you.
* * * LOW HITPOINT WARNING * * *
The white imp gestures at you. The puff of frost misses you.
It was a potion of attraction.
You feel attractive to monsters. The wight hits you but does no damage.
The white imp gestures at you. The puff of frost hits you.
* * * LOW HITPOINT WARNING * * *
The wight closely misses you.
The wight hits you from afar with a +4 spear.
* * * LOW HITPOINT WARNING * * *
The wight hits you from afar with a +4 trident.
* * * LOW HITPOINT WARNING * * *
The orc is attracted toward you. The wight attacks as you move away!
The wight closely misses you. The white imp is attracted toward you.
The orc is attracted toward you.
It was a potion of curing.
You feel better.
The white imp sputters.
The white imp gestures at you.
The puff of frost hits you but does no damage.
The orc hits you but does no damage. The wight closely misses you.
The wight hits you from afar with a +4 spear.
* * * LOW HITPOINT WARNING * * *
The wight hits you from afar with a +4 trident.
* * * LOW HITPOINT WARNING * * *
The wight is attracted toward you. The white imp is attracted toward you.
The orc is attracted toward you. The wight attacks as you move away!
The wight hits you with a +4 spear!
You die...

.#....!.#.......#
#....##..#....[..#
#............##.##
#............#
#.......§...##
#......§....#
#......oz...#
#.....zzo§.##
#.....z@5..#
###....##..# ##..#
#### #.. #.. #...
##. #.


You could see 4 wights, a white imp and 2 orcs.

Vanquished Creatures
  A sky beast (D:3)
  A necrophage (D:6)
  A scorpion (D:6)
  An orc wizard (D:2)
  4 gnolls
  3 adders
  2 worms
  4 orcs (D:2)
  4 ball pythons
  6 bats
  4 endoplasms
  A giant cockroach (D:1)
  6 goblins
  7 hobgoblins
  3 quokkas
  A frilled lizard (D:2)
  5 kobolds
  A rat (D:2)
55 creatures vanquished.

Notes
Turn   | Place    | Note
-------+----------+-------------------------------------------
     0 | D:1      | vineage the Gargoyle Fighter began the quest for the Orb.
     0 | D:1      | Reached XP level 1. HP: 14/14 MP: 1/1
   331 | D:1      | Reached XP level 2. HP: 20/20 MP: 2/2
   768 | D:2      | Reached skill level 4 in Fighting
  1012 | D:2      | Reached XP level 3. HP: 23/24 MP: 3/3
  1660 | D:2      | Reached XP level 4. HP: 15/30 MP: 4/4
  1821 | D:3      | Found a shadowy altar of Dithmenos.
  1853 | D:2      | Reached skill level 5 in Fighting
  1929 | D:3      | Found a faded altar of an unknown god.
  1944 | D:3      | Reached XP level 5. HP: 31/35 MP: 5/5
  2055 | D:3      | Noticed a sky beast
  2088 | D:3      | Killed a sky beast
  2089 | D:3      | Reached skill level 6 in Fighting
  2089 | D:3      | Reached XP level 6. HP: 19/41 MP: 6/6
  2487 | D:3      | Found a glowing golden altar of the Shining One.
  2563 | D:3      | Found a glowing silver altar of Zin.
  2566 | D:3      | Noticed an angel
  2692 | D:3      | Found a blossoming altar of Fedhas.
  2710 | D:3      | You fall into a shaft and drop 3 floors!
  2752 | D:6      | HP: 2/42 [wight/+4 trident (1)]
  2755 | D:6      | Mangled by a wight

Illustrated notes

Levels and vault maps discovered:
D:1:      matt_arrival_diagonals, layout_basic
D:2:      layout_basic, minmay_surrounded
D:3:      layout_basic, mainiacjoe_overflow_tiny_flanked,
          nicolae_ru_awakened_eye, grunt_dithmenos_smoke, zin_angel,
          tso_oasis_becter, dreamdust_ecumenical_altar_statues, nrook_campfire,
          kennysheep_decorative_pillar, grunt_decor_cap
D:6:      wad_lake_hut, layout_cave_pools, minmay_temple_entry_statues,
          hangedman_decor_diamond_cutter, grunt_ministairs_15

Skill      XL: |  1  2  3  4  5  6 |
---------------+-------------------+-----
Fighting       | 4 5 6 |  6.8
Maces & Flails | 3 4 |  4.1
Armour         | |  3.2
Shields        | |  3.2

Action                   |  1- 3 |  4- 6 || total
-------------------------+-------+-------++-------
Melee: Flail             |    90 |       ||    90
       Whip              |    20 |   112 ||   132
  Use: Scroll            |     5 |       ||     5
       Potion            |       |     3 ||     3
Armor: Scale mail        |    68 |    71 ||   139
Dodge: Dodged            |    44 |    55 ||    99
Block: Buckler           |    31 |    23 ||    54

Table legend: (Time is in decaauts)
 A = Elapsed time spent in this place.
 B = Non-inter-level travel time spent in this place.
 C = Inter-level travel time spent in this place.
 D = Time resting spent in this place.
 E = Time spent auto-exploring this place.
 F = Levels seen in this place.
 G = Mean time per level.
                   A        B        C        D        E       F      G
               +--------+--------+--------+--------+--------+-----+--------+
         Total |   2780 |   2704 |     76 |    316 |   1919 |   4 |  695.0 |
       Dungeon |   2780 |   2704 |     76 |    316 |   1919 |   4 |  695.0 |
               +--------+--------+--------+--------+--------+-----+--------+

Top non-repeatable levels by time:
     D:2: 1076 daAuts
     D:3: 898 daAuts
     D:1: 763 daAuts
     D:6: 42 daAuts
